 Dungeon Crawl Stone Soup version 0.29.1-4-g47bece8355 (webtiles) character file.

Game seed: 15264243577201685144

261 Flaz the Ruffian (level 6, 0/52 HPs)
             Began as a Ghoul Monk on Dec 7, 2022.
             Slain by a jelly (3 damage)
             ... on level 4 of the Dungeon.
             The game lasted 00:06:43 (3467 turns).

Flaz the Ruffian (Ghoul Monk)                       Turns: 3467, Time: 00:06:44

Health: 0/52       AC: -2    Str: 17    XL:     6   Next: 18%
Magic:  5/5        EV: 12    Int:  5    God:
Gold:   210        SH:  0    Dex: 11    Spells: 5/5 levels left

rFire   . . .      SeeInvis .     - Unarmed
rCold   + + .      Faith    .   (no shield)
rNeg    + + +      Spirit   .   q - +1 leather armour {rC+}
rPois   ∞          Reflect  .   l - +0 helmet
rElec   .          Harm     .   (no cloak)
rCorr   .          Rampage  .   (no gloves)
Will    .....                   (no boots)
Stlth   +.........              (no amulet)
HPRegen 0.00/turn               (no ring)
MPRegen 0.09/turn               (no ring)

@: silenced, corroded, inhibited regen
A: claws 1, cold resistance 1, negative energy resistance 3, inhibited
regeneration, torment resistance 2, devour on kill
a: no special abilities


You were on level 4 of the Dungeon.
You visited 1 branch of the dungeon, and saw 5 of its levels.

You collected 210 gold pieces.

Inventory:

Missiles
 c - 35 stones (quivered)
 v - a throwing net
Armour
 a - a +0 robe
 i - a +0 scale mail
 k - a +0 helmet
 l - a +0 helmet (worn)
 o - a +0 leather armour
 q - a +1 leather armour of cold resistance (worn)
Scrolls
 d - a scroll of poison {unknown}
 f - a scroll of butterflies {unknown}
 g - 2 scrolls of torment {unknown}
 j - a scroll of silence
 m - 2 scrolls of immolation {unknown}
 r - a scroll of enchant weapon {unknown}
 t - 2 scrolls of fear {unknown}
 x - a scroll of identify {unknown}
Potions
 b - a potion of ambrosia
 e - 2 potions of mutation {unknown}
 h - a potion of curing {unknown}
 n - a potion of flight {unknown}
 p - a potion of might {unknown}
 s - a potion of attraction {unknown}
 u - 2 potions of lignification {unknown}
 w - a potion of brilliance {unknown}


   Skills:
 + Level 3.9 Fighting
 * Level 3.0 Armour
 - Level 3.0 Dodging
 - Level 3.0 Stealth
 + Level 5.2 Unarmed Combat


You had 5 spell levels left.
You didn't know any spells.
Your spell library was empty.

Dungeon Overview and Level Annotations

Branches:
Dungeon (5/15)
 Temple: D:4-7

Altars:
Ashenzari

Shops:
D:2 [

Annotations:
D:3 3 runed translucent doors, exclusion: 3 doors, Discosetron's ghost, amateur DjAE


Innate Abilities, Weirdness & Mutations

You are immune to poison.
You have sharp fingernails.
Your flesh is cold resistant. (rC+)
You are immune to negative energy. (rN+++)
You do not regenerate when monsters are visible.
You are immune to unholy pain and torment.
You thrive by killing the living.


Message History

There is a stone staircase leading down here.
A giant cockroach comes into view.
A giant cockroach is nearby!
The giant cockroach barely misses you.
You claw the giant cockroach!
You kill the giant cockroach!
No target in view!
You now have 207 gold pieces (gained 17).
Found a stone staircase leading up.
No target in view!
You now have 210 gold pieces (gained 3).
You open the door.
There is an open door here.
You open the door.
There is an open door here.
Found a hand axe.
The helpless jelly fails to defend itself.
You scratch the jelly.
Your claws burn!
The jelly is lightly wounded.
The jelly hits you.
You are splashed with acid!
You claw the jelly! The acid corrodes you!
Your claws burn!
The jelly is severely wounded.
The jelly hits you.
You are splashed with acid.
You scratch the jelly.
Your claws burn!
The jelly is severely wounded.
The jelly hits you. The acid corrodes you!
You are splashed with acid!
You scratch the jelly but do no damage.
Your claws burn!
The jelly is severely wounded.
The jelly misses you.
You scratch the jelly but do no damage.
Your claws burn!
* * * LOW HITPOINT WARNING * * *
The jelly is severely wounded.
The jelly hits you.
* * * LOW HITPOINT WARNING * * *
The acid corrodes you!
You are splashed with acid!
* * * LOW HITPOINT WARNING * * *
You aren't carrying any items that you can evoke.
As you read the scroll labelled OKKATZ CESAST, it crumbles to dust.
A profound silence engulfs you.
It was a scroll of silence.
The jelly hits you.
You die...

#. ##...## #. ##'## ##.
#.# #.. #.# #.. ##.##
#.. ## ##...## #.#
#.####.##.....######
#.#
#)......##.........#
#)#
#....J@.....#####.###)#
#.###.###...##......).#
#..........##.#####
#####...#####.#
#...#####.#
######.).......#
...............#
#######.##.#####
########.##.###.


You could see a jelly.

Vanquished Creatures
  A hound (D:5)
  3 orc priests
  An orc wizard (D:3)
  An iguana (D:5)
  2 adders (D:3)
  3 dart slugs
  4 orcs
  4 ball pythons
  4 endoplasms (D:1)
  3 giant cockroaches
  8 goblins
  5 hobgoblins
  3 jackals (D:1)
  4 quokkas
  2 bats
  3 frilled lizards
  7 kobolds
  4 rats (D:1)
62 creatures vanquished.

Notes
Turn   | Place    | Note
-------+----------+-------------------------------------------
     0 | D:1      | Flaz the Ghoul Monk began the quest for the Orb.
     0 | D:1      | Reached XP level 1. HP: 19/19 MP: 0/0
   176 | D:1      | Reached XP level 2. HP: 26/26 MP: 1/1
   614 | D:1      | Reached XP level 3. HP: 31/31 MP: 2/2
  1159 | D:2      | Reached skill level 4 in Unarmed Combat
  1215 | D:2      | Found Kaseet's Armour Shoppe.
  1711 | D:3      | Found a broken altar of Ashenzari.
  1917 | D:3      | Reached XP level 4. HP: 40/40 MP: 3/3
  2258 | D:3      | Reached skill level 1 in Armour
  2496 | D:3      | Reached XP level 5. HP: 46/46 MP: 4/4
  2729 | D:3      | Found a runed translucent gate.
  2730 | D:3      | Found a runed translucent gate.
  2730 | D:3      | Found a runed translucent gate.
  2734 | D:3      | Noticed Discosetron's ghost (amateur DjAE)
  2817 | D:5      | Entered Level 5 of the Dungeon
  3080 | D:5      | Reached skill level 5 in Unarmed Combat
  3168 | D:4      | Reached XP level 6. HP: 41/52 MP: 5/5
  3467 | D:4      | Slain by a jelly

Illustrated notes

Levels and vault maps discovered:
D:1:      dpeg_arrival_arbitrary_b, layout_basic, minmay_small_reverse_x
D:2:      layout_loops_ring, serial_shops, nicolae_shop_advertising_works
          [nicolae_subvault_shop_adworks]
D:3:      layout_loops_cross, ashenzari_conservatory_becter,
          biasface_ghost_orc_armoury, kennysheep_generic_room_13
D:4:      layout_loops_corners, mainiacjoe_overflow_concentric_impassable,
          uniq_grinder
D:5:      layout_gridville, lemuel_doored_altar, uniq_eustachio

Skill      XL: |  1  2  3  4  5  6 |
---------------+-------------------+-----
Dodging        | 3 |  3.0
Unarmed Combat | 4 5 |  5.2
Armour         | 1 2 3 |  3.0
Stealth        | 3 |  3.0
Fighting       | |  3.9

Action                   |  1- 3 |  4- 6 || total
-------------------------+-------+-------++-------
Melee: Unarmed           |   114 |   107 ||   221
       Punch             |     2 |     2 ||     4
  Use: Scroll            |       |     1 ||     1
 Stab: Sleeping          |     2 |     3 ||     5
Armor: Robe              |     6 |       ||     6
       Scale mail        |    21 |       ||    21
       Leather armour    |     6 |    26 ||    32
Dodge: Dodged            |    49 |    51 ||   100
